SA
PUT-IN-BAY BC @ CHICAGO TULA
08/29/2027
 
TOP OF THE 1ST
Put-In-Bay BC batting - Pitching for Chicago Tula : RHP Pang Qin
Pitching: RHP Pang Qin
Batting: SHB Júlio Pérez 0-0: Ball
1-0: Ball
2-0: Called Strike
2-1: SINGLE (Groundball, 56D)
Batting: LHB Vicente Castaneda 0-0: Ball
1-0: Ball
2-0: Swinging Strike
2-1: Called Strike
2-2: Strikes out swinging
Batting: RHB Alan McLennan 0-0: Swinging Strike
0-1: Ball
1-1: Foul Ball, location: 2F
1-2: Fly out, F9 (Line Drive, 89S)
Batting: SHB Eugene Clutch 0-0: Ball
1-0: Ball
2-0: Foul Ball, location: 2F
2-1: Foul Ball, location: 2F
2-2: Fly out, F7 (Flyball, 7)
Top of the 1st over - 0 run(s), 1 hit(s), 0 error(s), 1 left on base; Put-In-Bay 0 - Chicago 0
BOTTOM OF THE 1ST
Chicago Tula batting - Pitching for Put-In-Bay BC : LHP Gerald Bolton
Pitching: LHP Gerald Bolton
Batting: RHB Rubén Arce 0-0: Foul Ball, location: 2F
0-1: Swinging Strike
0-2: Ball
1-2: Ball
2-2: Foul Ball, location: 2F
2-2: Ball
3-2: Foul Ball, location: 2F
3-2: Base on Balls
Batting: RHB Howard Ickes 0-0: Foul Ball, location: 2F
0-1: Reached on error, E6 (Groundball, 6)
Rubén Arce to second
Batting: SHB Eustacio Tafalla 0-0: Ball
1-0: Foul Ball, location: 2F
1-1: Foul Ball, location: 2F
1-2: Foul Ball, location: 2F
1-2: SINGLE (Flyball, 78S)
Rubén Arce to third
Howard Ickes to second
Batting: SHB John Krog 0-0: Ball
1-0: Ball
2-0: GRAND SLAM HOME RUN (Flyball, 8LXD), Distance : 428 ft
Batting: RHB Zahid Kashani 0-0: Ground out 5-3 (Groundball, 56S)
Batting: RHB Alfonso Morín 0-0: Ball
1-0: Reached on error, E9 (Flyball, 89M)
Batting: RHB Micheal Lovell 0-0: Ball
1-0: Called Strike
1-1: Ground out 6-3 (Groundball, 6MS)
Alfonso Morín to second
Batting: RHB Tommy Socorro 0-0: Ball
1-0: Ball
2-0: Swinging Strike
2-1: Called Strike
2-2: Strikes out looking
Bottom of the 1st over - 4 run(s), 2 hit(s), 2 error(s), 1 left on base; Put-In-Bay 0 - Chicago 4
TOP OF THE 2ND
Put-In-Bay BC batting - Pitching for Chicago Tula : RHP Pang Qin
Batting: RHB Edgar Balerio 0-0: Ball
1-0: Called Strike
1-1: Foul Ball, location: 2F
1-2: Ball
2-2: Foul Ball, location: 2F
2-2: Fly out, F7 (Flyball, 7S)
Batting: RHB Alejandro Márquez 0-0: Swinging Strike
0-1: Ball
1-1: Called Strike
1-2: Ball
2-2: Foul Ball, location: 2F
2-2: Strikes out swinging
Batting: RHB Oscar McMillan 0-0: TRIPLE (Line Drive, 89M)
Batting: RHB Angus Watts 0-0: Called Strike
0-1: Called Strike
0-2: Ball
1-2: Strikes out swinging
Top of the 2nd over - 0 run(s), 1 hit(s), 0 error(s), 1 left on base; Put-In-Bay 0 - Chicago 4
BOTTOM OF THE 2ND
Chicago Tula batting - Pitching for Put-In-Bay BC : LHP Gerald Bolton
Batting: RHB Rand McNally 0-0: Ball
1-0: SINGLE (Groundball, 6M) (infield hit)
Batting: RHB Rubén Arce 0-0: Fly out, F9 (Flyball, 9)
Batting: RHB Howard Ickes 0-0: Called Strike
0-1: Fly out, F9 (Flyball, 9S)
Batting: SHB Eustacio Tafalla 0-0: Called Strike
0-1: DOUBLE (Flyball, 78D)
Rand McNally to third
Runner from 3rd tries for Home, SAFE, no throw
Batting: SHB John Krog 0-0: Called Strike
0-1: Foul Ball, location: 2F
0-2: SINGLE (Flyball, 8LS)
Eustacio Tafalla to third
Runner from 3rd tries for Home, SAFE, no throw
Batting: RHB Zahid Kashani 0-0: Swinging Strike
0-1: Ball
1-1: Ball
2-1: Foul Ball, location: 2F
2-2: SINGLE (Flyball, 7S)
John Krog to second
Batting: RHB Alfonso Morín 0-0: Called Strike
0-1: Ball
1-1: Fly out, F8 (Flyball, 8RD)
Bottom of the 2nd over - 2 run(s), 4 hit(s), 0 error(s), 2 left on base; Put-In-Bay 0 - Chicago 6
TOP OF THE 3RD
Put-In-Bay BC batting - Pitching for Chicago Tula : RHP Pang Qin
Batting: LHB Francisco Alfaro 0-0: Ball
1-0: Ball
2-0: Called Strike
2-1: Foul Ball, location: 2F
2-2: Ball
3-2: SINGLE (Groundball, 6MD)
Batting: SHB Júlio Pérez 0-0: Called Strike
0-1: Ball
1-1: Ball
2-1: Fly out, F9 (Flyball, 89M)
Batting: LHB Vicente Castaneda 0-0: Foul Ball, location: 2F
0-1: Ball
1-1: Ball
2-1: Foul Ball, location: 2F
2-2: Foul Ball, location: 2F
Balk!
Francisco Alfaro to second
2-2: Fly out, F9 (Flyball, 9)
Batting: RHB Alan McLennan 0-0: Called Strike
0-1: Swinging Strike
0-2: Strikes out swinging
Top of the 3rd over - 0 run(s), 1 hit(s), 0 error(s), 1 left on base; Put-In-Bay 0 - Chicago 6
BOTTOM OF THE 3RD
Chicago Tula batting - Pitching for Put-In-Bay BC : LHP Gerald Bolton
Batting: RHB Micheal Lovell 0-0: Ball
1-0: SINGLE (Line Drive, 6M)
Batting: RHB Tommy Socorro 0-0: Ball
1-0: Grounds into double play, 4-6-3 (Groundball, 4)
Batting: RHB Rand McNally 0-0: Called Strike
0-1: Ball
1-1: SINGLE (Groundball, 56D)
Batting: RHB Rubén Arce 0-0: Called Strike
0-1: Swinging Strike
0-2: Fly out, F8 (Flyball, 8RS)
Bottom of the 3rd over - 0 run(s), 2 hit(s), 0 error(s), 1 left on base; Put-In-Bay 0 - Chicago 6
TOP OF THE 4TH
Put-In-Bay BC batting - Pitching for Chicago Tula : RHP Pang Qin
Batting: SHB Eugene Clutch 0-0: Called Strike
0-1: Ball
1-1: Foul Ball, location: 2F
1-2: Ball
2-2: Ball
3-2: Base on Balls
Batting: RHB Edgar Balerio 0-0: Ball
1-0: Called Strike
1-1: Ball
2-1: Ball
3-1: Fly out, F7 (Flyball, 7S)
Batting: RHB Alejandro Márquez 0-0: Ball
1-0: Called Strike
1-1: Called Strike
Eugene Clutch steals 2nd base
1-2: Ball
2-2: Ball
3-2: Fly out, F9 (Flyball, 9LSF)
Batting: RHB Oscar McMillan 0-0: Swinging Strike
0-1: Ball
1-1: Ball
2-1: SINGLE (Groundball, 34D)
Eugene Clutch to third
Throwing error, E9
Eugene Clutch scores
Oscar McMillan to second
Batting: RHB Angus Watts 0-0: Ground out U3 (Groundball, 34S)
Top of the 4th over - 1 run(s), 1 hit(s), 1 error(s), 1 left on base; Put-In-Bay 1 - Chicago 6
BOTTOM OF THE 4TH
Chicago Tula batting - Pitching for Put-In-Bay BC : LHP Gerald Bolton
Batting: RHB Howard Ickes 0-0: Called Strike
0-1: Called Strike
0-2: Ball
1-2: Fly out, F9 (Flyball, 9S)
Batting: SHB Eustacio Tafalla 0-0: Called Strike
0-1: Foul Ball, location: 2F
0-2: Foul Ball, location: 2F
0-2: Ball
1-2: Foul Ball, location: 2F
1-2: Strikes out swinging
Batting: SHB John Krog 0-0: Called Strike
0-1: Swinging Strike
0-2: Ball
1-2: Strikes out looking
Bottom of the 4th over - 0 run(s), 0 hit(s), 0 error(s), 0 left on base; Put-In-Bay 1 - Chicago 6
TOP OF THE 5TH
Put-In-Bay BC batting - Pitching for Chicago Tula : RHP Pang Qin
Batting: LHB Francisco Alfaro 0-0: SINGLE (Groundball, 4S) (infield hit)
Batting: SHB Júlio Pérez 0-0: Fly out, F8 (Line Drive, 89M)
Batting: LHB Vicente Castaneda 0-0: Swinging Strike
0-1: Fly out, F3 (Popup, 3S)
Batting: RHB Alan McLennan 0-0: Swinging Strike
0-1: Swinging Strike
0-2: Ball
1-2: Fly out, F4 (Line Drive, 4M)
Top of the 5th over - 0 run(s), 1 hit(s), 0 error(s), 1 left on base; Put-In-Bay 1 - Chicago 6
BOTTOM OF THE 5TH
Chicago Tula batting - Pitching for Put-In-Bay BC : LHP Gerald Bolton
Batting: RHB Zahid Kashani 0-0: Called Strike
0-1: Ball
1-1: SINGLE (Flyball, 8RS)
Batting: RHB Alfonso Morín 0-0: Ball
1-0: Fly out, F8 (Flyball, 8RM)
Batting: RHB Micheal Lovell 0-0: SINGLE (Line Drive, 6MD)
Zahid Kashani to second
Batting: RHB Tommy Socorro 0-0: Grounds into double play, 4-6-3 (Groundball, 4)
Bottom of the 5th over - 0 run(s), 2 hit(s), 0 error(s), 1 left on base; Put-In-Bay 1 - Chicago 6
TOP OF THE 6TH
Put-In-Bay BC batting - Pitching for Chicago Tula : RHP Pang Qin
Batting: SHB Eugene Clutch 0-0: Ball
1-0: Ball
2-0: Ball
3-0: Called Strike
3-1: Called Strike
3-2: Foul Ball, location: 2F
3-2: Foul Ball, location: 2F
3-2: Base on Balls
Batting: RHB Edgar Balerio 0-0: Ball
1-0: SINGLE (Flyball, 78S)
Eugene Clutch to second
Batting: RHB Alejandro Márquez 0-0: Ball
1-0: Called Strike
1-1: Swinging Strike
1-2: Ball
2-2: Strikes out swinging
Batting: RHB Oscar McMillan 0-0: Ball
1-0: Ball
2-0: Foul Ball, location: 2F
2-1: Foul Ball, location: 2F
2-2: Foul Ball, location: 2F
2-2: Ball
3-2: Hit by Pitch
Eugene Clutch to third
Edgar Balerio to second
Pitching: LHP Blake Connolly
Batting: RHB Angus Watts 0-0: Ball
1-0: Ball
2-0: SINGLE (Line Drive, 4MD)
Eugene Clutch scores
Edgar Balerio to third
Oscar McMillan to second
Runner from 3rd tries for Home, SAFE, no throw
Batting: LHB Francisco Alfaro 0-0: Called Strike
0-1: SINGLE (Line Drive, 9S)
Oscar McMillan to third
Angus Watts to second
Runner from 3rd tries for Home, SAFE, no throw
Batting: SHB Júlio Pérez 0-0: Ball
1-0: Ball
2-0: Ball
3-0: Base on Balls
Angus Watts to third
Francisco Alfaro to second
Batting: LHB Vicente Castaneda 0-0: Ball
1-0: SINGLE (Flyball, 8LS)
Angus Watts scores
Francisco Alfaro to third
Júlio Pérez to second
Batting: RHB Alan McLennan 0-0: Ball
1-0: Called Strike
1-1: GRAND SLAM HOME RUN (Flyball, 78XD), Distance : 412 ft
Pitching: RHP Ed Cartmell
Batting: SHB Eugene Clutch 0-0: Ball
1-0: Fly out, F8 (Flyball, 78M)
Batting: RHB Edgar Balerio 0-0: Called Strike
0-1: Called Strike
0-2: Ball
1-2: Ground out 6-3 (Groundball, 6)
Top of the 6th over - 8 run(s), 5 hit(s), 0 error(s), 0 left on base; Put-In-Bay 9 - Chicago 6
BOTTOM OF THE 6TH
Chicago Tula batting - Pitching for Put-In-Bay BC : LHP Gerald Bolton
Batting: RHB Rand McNally 0-0: Ball
1-0: Called Strike
1-1: Foul Ball, location: 2F
1-2: Foul Ball, location: 2F
1-2: Ball
2-2: Ball
3-2: SINGLE (Flyball, 9LS)
Batting: RHB Rubén Arce 0-0: Called Strike
0-1: Ball
1-1: Bunted foul
1-2: Ball
2-2: Ball
3-2: Foul Ball, location: 2F
3-2: Strikes out swinging
Batting: RHB Howard Ickes 0-0: Ball
1-0: Ball
2-0: Ball
3-0: Called Strike
3-1: Grounds into double play, 5-4-3 (Groundball, 5)
Bottom of the 6th over - 0 run(s), 1 hit(s), 0 error(s), 0 left on base; Put-In-Bay 9 - Chicago 6
TOP OF THE 7TH
Put-In-Bay BC batting - Pitching for Chicago Tula : RHP Ed Cartmell
Batting: RHB Alejandro Márquez 0-0: Ball
1-0: Ball
2-0: Ball
3-0: Base on Balls
Batting: RHB Oscar McMillan 0-0: Sac Bunt - play at first, batter OUT! 2-3
Alejandro Márquez to second
Batting: RHB Angus Watts 0-0: Called Strike
0-1: Fly out, F8 (Flyball, 8RM)
Batting: LHB Francisco Alfaro 0-0: Ball
1-0: Fly out, F8 (Flyball, 8LM)
Top of the 7th over - 0 run(s), 0 hit(s), 0 error(s), 1 left on base; Put-In-Bay 9 - Chicago 6
BOTTOM OF THE 7TH
Chicago Tula batting - Pitching for Put-In-Bay BC : LHP Gerald Bolton
Batting: SHB Eustacio Tafalla 0-0: Ball
1-0: Fly out, F9 (Flyball, 9S)
Batting: SHB John Krog 0-0: SINGLE (Line Drive, 56D)
Batting: RHB Zahid Kashani 0-0: Ball
1-0: Ball
2-0: Called Strike
2-1: Foul Ball, location: 2F
2-2: Ball
3-2: Base on Balls
John Krog to second
Pitching: RHP Esteban Ramos
Batting: RHB Alfonso Morín 0-0: Ball
1-0: Fly out, F9 (Flyball, 9LSF)
Batting: RHB Micheal Lovell 0-0: Fielders Choice at 2nd, 4-6 (Groundball, 4)
Bottom of the 7th over - 0 run(s), 1 hit(s), 0 error(s), 1 left on base; Put-In-Bay 9 - Chicago 6
TOP OF THE 8TH
Put-In-Bay BC batting - Pitching for Chicago Tula : RHP Ed Cartmell
Batting: SHB Júlio Pérez 0-0: Ball
1-0: Foul Ball, location: 2F
1-1: Ball
2-1: Called Strike
2-2: Foul Ball, location: 2F
2-2: Foul Ball, location: 2F
2-2: Ground out 4-3 (Groundball, 4)
Batting: LHB Vicente Castaneda 0-0: Foul Ball, location: 2F
0-1: Ball
1-1: Ball
2-1: Swinging Strike
2-2: Ball
3-2: Foul Ball, location: 2F
3-2: Foul Ball, location: 2F
3-2: Fly out, F7 (Flyball, 78S)
Batting: RHB Alan McLennan 0-0: Called Strike
0-1: Foul Ball, location: 2F
0-2: Ball
1-2: Ball
2-2: Ball
3-2: Base on Balls
Batting: SHB Eugene Clutch 0-0: Ball
1-0: Ball
2-0: Ball
3-0: Called Strike
3-1: Foul Ball, location: 2F
3-2: DOUBLE (Line Drive, 89XD)
Alan McLennan to third
Alan McLennan scores
Batting: RHB Edgar Balerio 0-0: Called Strike
0-1: Ground out 5-3 (Groundball, 56)
Top of the 8th over - 1 run(s), 1 hit(s), 0 error(s), 1 left on base; Put-In-Bay 10 - Chicago 6
BOTTOM OF THE 8TH
Chicago Tula batting - Pitching for Put-In-Bay BC : RHP Esteban Ramos
Batting: RHB Tommy Socorro 0-0: Called Strike
0-1: Ground out 4-3 (Groundball, 4)
Batting: RHB Rand McNally 0-0: Called Strike
0-1: Foul Ball, location: 2F
0-2: Strikes out swinging
Batting: RHB Rubén Arce 0-0: Called Strike
0-1: Ball
1-1: Swinging Strike
1-2: Ball
2-2: Ball
3-2: Strikes out swinging
Bottom of the 8th over - 0 run(s), 0 hit(s), 0 error(s), 0 left on base; Put-In-Bay 10 - Chicago 6
TOP OF THE 9TH
Put-In-Bay BC batting - Pitching for Chicago Tula : RHP Ed Cartmell
Batting: RHB Alejandro Márquez 0-0: Ball
1-0: Ball
2-0: Ball
3-0: Base on Balls
Batting: RHB Oscar McMillan 0-0: Bunted foul
0-1: Bunted foul
0-2: Foul Ball, location: 2F
0-2: Foul Ball, location: 2F
0-2: Fly out, F8 (Line Drive, 8RD)
Batting: RHB Angus Watts 0-0: Ball
1-0: Called Strike
1-1: Called Strike
1-2: Foul Ball, location: 2F
1-2: Fly out, F9 (Line Drive, 89M)
Pitching: RHP José Mora
Batting: LHB Francisco Alfaro 0-0: Ball
1-0: Ball
2-0: Foul Ball, location: 2F
2-1: Foul Ball, location: 2F
2-2: Strikes out swinging
Top of the 9th over - 0 run(s), 0 hit(s), 0 error(s), 1 left on base; Put-In-Bay 10 - Chicago 6
BOTTOM OF THE 9TH
Chicago Tula batting - Pitching for Put-In-Bay BC : RHP Esteban Ramos
Batting: RHB Howard Ickes 0-0: Ball
1-0: Ground out U3 (Groundball, 3L)
Batting: SHB Eustacio Tafalla 0-0: SOLO HOME RUN (Line Drive, 9D), Distance : 364 ft
Batting: SHB John Krog 0-0: Ball
1-0: Ball
2-0: Ball
3-0: Called Strike
3-1: Swinging Strike
3-2: SINGLE (Groundball, 34D)
Pitching: RHP Tupac Blanch
Batting: RHB Zahid Kashani 0-0: Called Strike
0-1: Fly out, F9 (Flyball, 9)
Batting: RHB Alfonso Morín 0-0: Swinging Strike
0-1: Called Strike
0-2: Strikes out swinging
Bottom of the 9th over - 1 run(s), 2 hit(s), 0 error(s), 1 left on base; Put-In-Bay 10 - Chicago 7
Saturday, May 26th, 2018 - OOTP Baseball 17.12 Build 75